 Dungeon Crawl Stone Soup version 0.25-a0-566-g062765be81 (webtiles) character file.

Game seed: 14879048030189098770, levelgen mode: deterministic

968 Flugslaktarn the Chopper (level 7, -6/63 HPs)
             Began as a Minotaur Fighter on Feb 28, 2020.
             Killed by nerve-wracking pain
             ... invoked by an orc priest
              (8 damage)
             ... on level 5 of the Dungeon.
             The game lasted 00:01:44 (2674 turns).

Flugslaktarn the Chopper (Minotaur Fighter)         Turns: 2674, Time: 00:01:45

Health: -6/63      AC: 14    Str: 23    XL:     7   Next: 93%
Magic:  6/6        EV:  5    Int:  5    God:
Gold:   206        SH: 10    Dex:  9    Spells: 6/6 levels left

rFire    . . .     SeeInvis .   a - +1 war axe
rCold    . . .     Gourm    .   c - +0 kite shield
rNeg     . . .     Faith    .   s - +0 plate armour
rPois    .         Spirit   .   (helmet restricted)
rElec    .         Reflect  .   (no cloak)
rCorr    .         Harm     .   j - +0 pair of gloves
MR       .....                  (no boots)
Stlth    ..........             (no amulet)
HPRegen  0.20/turn              (no ring)
MPRegen  0.10/turn              (no ring)

@: no status effects
A: retaliatory headbutt, horns 2
a: no special abilities


You were on level 5 of the Dungeon.
You were not hungry.

You visited 2 branches of the dungeon, and saw 6 of its levels.

You collected 206 gold pieces.

Inventory:

Hand Weapons
 a - a +1 war axe (weapon)
Armour
 c - a +0 kite shield (worn)
 j - a +0 pair of gloves (worn)
   (You found it on level 4 of the Dungeon)
 s - a +0 plate armour (worn)
   (You took it off an orc warrior on level 5 of the Dungeon)
Wands
 h - a wand of iceblast (14)
   (You took it off Ijyb on level 4 of the Dungeon)
Potions
 d - a potion of might
 i - 2 potions of stabbing
 l - a potion of haste {unknown}
 n - a potion of mutation {unknown}
 q - a potion of curing
 w - a potion of heal wounds
Comestibles
 e - 6 rations


   Skills:
 + Level 6.0 Fighting
 * Level 7.3 Axes
 + Level 6.1 Armour
 + Level 6.1 Shields


You had 6 spell levels left.
You didn't know any spells.
Your spell library was empty.

Dungeon Overview and Level Annotations

Branches:
Dungeon (5/15)             Temple (1/1) D:4

Altars:
Ashenzari
Cheibriados
Dithmenos
Elyvilon
Hepliaklqana
Kikubaaqudgha
Nemelex Xobeh
Okawaru
Ru
Sif Muna
Trog
Uskayaw
Vehumet
Wu Jian
Xom
Zin


Innate Abilities, Weirdness & Mutations

You reflexively headbutt those who attack you in melee.
You have a pair of horns on your head.


Message History

An orc comes into view. It is wielding a -2 falchion.
A leopard gecko skeleton comes into view.
An orc wizard comes into view. It is wielding a +0 dagger.
The orc shouts!
The orc priest mumbles some strange prayers to Beogh against you.
Beogh smites you!
* * * LOW HITPOINT WARNING * * *
The leopard gecko skeleton bites the withered plant but does no damage.
The orc wizard mumbles some strange words.
The orc wizard seems to speed up.
A sky beast comes into view.
You block the orc priest's attack.
Your plate armour prevents you from hitting the orc priest.
You slash the orc!
You kill the orc!
The sky beast flickers out of sight!
Deactivating autopickup; reactivate with Ctrl-A.
The orc priest invokes the aid of Beogh against you.
Pain shoots through your body!
You die...

...........[#.......#
..........†..........
.!#.#.....#...)......
....##..####..)......
#......####[†......
#...#.###..).......
..####.###..###..# .
..{.....?......# .#..
........##$##.##
.#..< ....... ####...
.! ....... .....
....... ..... . ...#


You could see an orc priest, an orc wizard, a gnoll and a leopard gecko
skeleton.

Vanquished Creatures
  Menkaure (D:4)
  A phantom (D:4)
  An orc warrior (D:5)
  A scorpion (D:4)
  3 killer bees (D:5)
  A centaur zombie (D:5)
  A bullfrog zombie (D:5)
  3 orc priests
  3 centaur skeletons (D:5)
  An iguana (D:5)
  Ijyb (D:4)
  Natasha (D:2)
  A hound skeleton (D:5)
  A worker ant zombie (D:5)
  3 howler monkey zombies (D:5)
  5 adders
  An ooze (D:4)
  An adder skeleton (D:4)
  A dart slug (D:4)
  2 worms
  A leopard gecko (D:4)
  3 orcs
  4 bats
  4 giant cockroaches
  5 goblins
  7 hobgoblins
  5 jackals
  4 frilled lizards
  A giant cockroach zombie (D:4)
  5 kobolds
  3 leopard gecko zombies (D:5)
  A quokka skeleton (D:4)
  A quokka zombie (D:5)
  6 rats
83 creatures vanquished.

Notes
Turn   | Place    | Note
-------+----------+-------------------------------------------
     0 | D:1      | Flugslaktarn the Minotaur Fighter began the quest for the
                  | Orb.
     0 | D:1      | Reached XP level 1. HP: 19/19 MP: 0/0
   179 | D:1      | Reached XP level 2. HP: 27/27 MP: 1/1
   508 | D:1      | Reached skill level 3 in Axes
   756 | D:2      | Reached XP level 3. HP: 31/33 MP: 2/2
  1068 | D:2      | Noticed Natasha
  1076 | D:2      | Killed Natasha
  1076 | D:2      | Reached XP level 4. HP: 34/40 MP: 3/3
  1228 | D:4      | Noticed Menkaure
  1236 | D:4      | Killed Menkaure
  1236 | D:4      | Reached skill level 4 in Axes
  1236 | D:4      | Reached XP level 5. HP: 33/47 MP: 4/4
  1422 | D:4      | Found a staircase to the Ecumenical Temple.
  1430 | D:4      | Reached skill level 5 in Axes
  1435 | Temple   | Entered the Ecumenical Temple
  1706 | D:4      | Reached XP level 6. HP: 39/55 MP: 5/5
  2000 | D:4      | Reached skill level 5 in Fighting
  2000 | D:4      | Reached skill level 5 in Armour
  2000 | D:4      | Reached skill level 5 in Shields
  2180 | D:4      | Noticed Ijyb
  2192 | D:4      | Killed Ijyb
  2368 | D:5      | Entered Level 5 of the Dungeon
  2370 | D:5      | Noticed an orc warrior
  2381 | D:5      | Killed an orc warrior
  2381 | D:5      | Reached skill level 6 in Axes
  2381 | D:5      | Reached XP level 7. HP: 53/61 MP: 6/6
  2625 | D:5      | Reached skill level 7 in Axes
  2671 | D:5      | HP: 1/63 [orc priest/divine providence (17)]
  2674 | D:5      | Killed from afar by an orc priest

Levels and vault maps discovered:
D:1:      dpeg_arrival_rooms_a, layout_loops_corners
D:2:      layout_basic, first_ration, tgw_kikubaaqudgha, uniq_natasha
D:3:      layout_loops_ring, uniq_sigmund
D:4:      layout_loops_cross, minmay_temple_entry_proselytizer, hex_large,
          uniq_menkaure, uniq_ijyb
D:5:      layout_cave_pools, nicolae_qazlal_style_of_elements, serial_undead,
          serial_undead_e, serial_undead_a, serial_undead_c, serial_undead_f,
          serial_undead_f, serial_undead_f, serial_undead_a, serial_undead_e,
          serial_shops, nicolae_shop_temple_entry_statues_fountains,
          nicolae_elemental_shop, uniq_crazy_yiuf_cottage
Temple:   eino_temple_rhombus

Skill      XL: |  1  2  3  4  5  6  7 |
---------------+----------------------+-----
Axes           | 3 4 5 6 7 |  7.3
Fighting       | 4 5 6 |  6.0
Armour         | 4 5 6 |  6.1
Shields        | 4 5 6 |  6.1

Action                   |  1- 3 |  4- 6 |  7- 9 || total
-------------------------+-------+-------+-------++-------
Melee: War axe           |    86 |    84 |    60 ||   230
       Headbutt          |     9 |    14 |    14 ||    37
  Use: Scroll            |       |       |     6 ||     6
  Eat: Chunk             |     1 |     4 |     1 ||     6
Armor: Scale mail        |     8 |       |       ||     8
       Chain mail        |    33 |    34 |     5 ||    72
       Plate armour      |       |       |    34 ||    34
Dodge: Dodged            |    21 |    12 |    26 ||    59
Block: Kite shield       |    56 |    45 |    48 ||   149

Table legend:
 A = Non-vault XP
 B = Vault XP
 C = Vault XP percentage of total XP
 D = Non-vault monster count
 E = Vault monster count
 F = Vault count percentage of total count
                 A         B        C        D         E       F
            +---------+---------+-------+---------+---------+-------
      Total |     885 |     499 |  36.1 |      68 |      15 |  18.1
            +---------+---------+-------+---------+---------+-------
        D:1 |      34 |       0 |   0.0 |      22 |       0 |   0.0
        D:2 |      42 |      36 |  46.2 |      18 |       1 |   5.3
        D:3 |       2 |       0 |   0.0 |       1 |       0 |   0.0
        D:4 |     269 |     251 |  48.3 |      13 |       3 |  18.8
        D:5 |     538 |     212 |  28.3 |      14 |      11 |  44.0
            +---------+---------+-------+---------+---------+-------
